Map: Dynasty LE

Players

Kaxolix

  • Race: Terran Terran
  • League: Silver
  • Spawn Location: 7:00

A.I. 1 (Elite) - Winner!

  • Race: Zerg Zerg
  • Spawn Location: 1:00

VOD

Have the link to the VOD?

Description

Time

  • Played on: Nov. 4, 2024, 6:33 p.m.
  • Length: 12:04
Show
View Real Time Build Order
Export as new Build Order

Kaxolix Terran 

Build Orders: 2 Factory, Reaper Expand 

Get SALT Encoding   

  12  0:00  SCV  
  13  0:12  SCV  
  14  0:17  Supply Depot  
  14  0:24  SCV  
  15  0:38  SCV  
  15  0:40  Barracks  
  16  0:44  Refinery  
  16  0:51  SCV  
  17  1:03  SCV  
  18  1:15  SCV  
  19  1:34  Reaper  
  19  1:37  Orbital Command  
  20  1:42  Command Center  
  20  1:55  Supply Depot  
  20  2:07  Marine  
  21  2:09  SCV  
  22  2:38  SCV  
  22  2:39  Factory  
  22  2:43  Refinery  
  23  2:50  SCV  
  24  2:51  Barracks  
  24  3:00  SCV  
  24  3:02  SCV  
  26  3:07  Barracks  
  26  3:12  SCV  
  27  3:18  Barracks Tech Lab, Factory  
  27  3:24  SCV  
  27  3:25  Factory Tech Lab  
  28  3:28  SCV  
  29  3:36  SCV  
  29  3:40  SCV  
  31  3:45  Barracks Reactor  
  31  3:48  SCV  
  31  3:49  Refinery  
  31  3:53  SCV  
  33  3:58  Command Center  
  33  4:00  Barracks Reactor  
  33  4:04  Factory Reactor  
  33  4:05  SCV  
  34  4:17  SCV x2  
  34  4:19  Stimpack  
  34  4:23  Hellion  
  38  4:27  Marine x2  
  38  4:28  Marine  
  38  4:29  SCV  
  42  4:41  SCV  
  42  4:43  Marine x2  
  45  4:48  Supply Depot  
  45  4:51  Supply Depot  
  45  4:52  Marine  
  46  5:09  Siege Tank, Hellion x2, Marine x4  
  46  5:11  Orbital Command  
  46  5:12  SCV  
  46  5:13  SCV  
  59  5:25  Marine  
  61  5:29  Orbital Command  
  61  5:31  Hellion x2, SCV, Orbital Command  
  61  5:33  Marine x4  
  69  5:41  Siege Tank  
  72  5:52  Hellion x2  
  72  5:57  Marine  
  77  6:09  Barracks  
  77  6:10  Barracks  
  77  6:12  Engineering Bay  
  77  6:17  Engineering Bay  
  77  6:30  Supply Depot  
  77  6:32  Supply Depot  
  77  6:35  Supply Depot  
  77  6:36  Supply Depot  
  77  6:38  Supply Depot  
  77  6:51  Marine x2, SCV x2  
  77  6:52  Hellion x2  
  77  6:54  Siege Tank, SCV  
  89  6:58  Marine x3, Refinery  
  92  7:03  SCV x2  
  92  7:04  Barracks Reactor x2, Combat Shield  
  94  7:13  Hellion x2  
  94  7:14  Terran Infantry Weapons Level 1, Terran Infantry Armor Level 1  
  98  7:15  SCV x2  
  98  7:16  Armory  
  98  7:22  Command Center  
  100  7:28  SCV  
  101  7:32  Marine x2  
  103  7:39  Starport  
  103  7:48  Starport  
  103  7:55  SCV  
  104  7:58  Refinery  
  104  8:07  Marine x6, SCV  
  104  8:08  Marine x2  
  104  8:09  Marauder  
  115  8:24  SCV  
  116  8:35  Siege Tank  
  116  8:36  Hellion x2, SCV  
  116  8:37  Marine x7  
  116  8:38  Starport Reactor x2  
  116  8:39  Marine  
  132  8:44  Marine  
  132  8:48  SCV  
  120  8:54  Marine  
  103  8:56  Marine x5  
  103  8:57  Marine x2  
  103  8:59  Hellion x2  
  103  9:02  Marine  
  115  9:07  Siege Tank  
  118  9:18  SCV  
  113  9:30  SCV  
  114  9:35  Marine x4  
  114  9:36  Terran Infantry Weapons Level 2, Marine x2  
  114  9:37  Terran Infantry Armor Level 2  
  114  9:38  Terran Vehicle Weapons Level 1  
  120  9:39  Siege Tank  
  120  9:40  Armory  
  123  9:48  Medivac x3  
  123  9:49  Marine x2  
  132  9:58  Marine  
  132  10:21  Orbital Command  
  132  10:22  Siege Tank, Medivac  
  132  10:25  Supply Depot x2  
  132  10:26  Supply Depot x2  
  137  10:31  Medivac  
  139  10:46  Marine x4, Medivac  
  139  10:47  Marine x5  
  139  10:49  Hellion x2  
  154  10:54  Siege Tank  
  138  11:04  Marine  
  138  11:10  Hellion x2  
  127  11:11  Medivac  
  127  11:13  Medivac  
  122  11:21  SCV  
  108  11:26  Siege Tank  
  106  11:34  SCV  
Show
View Real Time Build Order
Export as new Build Order

A.I. 1 (Elite) Zerg - Winner!

Build Orders: Hatch First 

Get SALT Encoding   

  12  0:00  Drone  
  13  0:12  Overlord  
  13  0:16  Drone  
  14  0:30  Drone x2  
  14  0:34  Drone  
  17  0:53  Hatchery  
  17  0:56  Drone  
  17  1:13  Spawning Pool  
  17  1:14  Extractor  
  17  1:16  Drone  
  16  1:20  Drone  
  16  1:24  Drone  
  18  1:28  Drone  
  19  1:38  Overlord  
  19  1:49  Drone  
  20  2:00  Queen, Zergling x2  
  23  2:04  Drone  
  24  2:14  Extractor  
  23  2:18  Queen  
  25  2:23  Drone  
  25  2:25  Drone  
  25  2:29  Drone  
  28  2:32  Drone  
  29  2:43  Roach Warren  
  28  2:46  Drone  
  28  2:50  Drone  
  30  2:53  Zergling x2  
  30  2:57  Zergling x2  
  32  3:02  Overlord  
  32  3:07  Drone  
  32  3:09  Drone  
  34  3:23  Roach  
  34  3:24  Roach  
  34  3:25  Roach  
  34  3:26  Roach  
  42  3:33  Lair  
  42  3:38  Overlord  
  42  3:42  Overlord  
  42  3:45  Zergling x2  
  42  3:48  Zergling x2  
  44  3:56  Zergling x2, Drone x2  
  44  3:58  Drone  
  44  4:00  Drone  
  49  4:03  Drone  
  49  4:08  Overlord  
  50  4:11  Roach  
  50  4:15  Roach  
  54  4:19  Roach  
  54  4:21  Roach  
  58  4:25  Overlord  
  58  4:32  Drone  
  58  4:34  Drone  
  58  4:35  Hydralisk Den  
  58  4:36  Drone  
  60  4:39  Roach  
  60  4:43  Roach  
  64  4:47  Overlord  
  64  5:02  Drone x2  
  64  5:04  Hydralisk, Drone  
  64  5:05  Hydralisk x2  
  64  5:06  Drone  
  74  5:08  Drone  
  74  5:11  Overlord  
  74  5:14  Drone  
  76  5:16  Drone  
  76  5:18  Drone  
  76  5:19  Drone  
  79  5:21  Drone  
  79  5:23  Drone  
  81  5:31  Drone  
  81  5:32  Infestation Pit  
  81  5:34  Overlord  
  81  5:37  Drone  
  81  5:38  Drone  
  83  5:47  Metabolic Boost  
  83  5:50  Evolution Chamber  
  82  6:00  Hatchery, Evolution Chamber  
  82  6:03  Drone  
  81  6:09  Infestor  
  81  6:10  Evolution Chamber  
  83  6:11  Drone  
  83  6:14  Infestor  
  83  6:16  Extractor, Drone, Zerg Melee Weapons Level 1  
  83  6:17  Extractor  
  83  6:18  Drone  
  85  6:25  Zerg Missile Weapons Level 1  
  85  6:38  Drone  
  85  6:39  Overlord, Drone x4  
  90  6:40  Drone  
  90  6:42  Zerg Ground Armor Level 1  
  91  6:49  Ravager  
  91  6:51  Roach  
  94  6:58  Ravager  
  94  7:00  Overlord, Spine Crawler, Drone  
  94  7:01  Roach  
  97  7:04  Hydralisk  
  99  7:10  Spine Crawler  
  99  7:12  Drone x2  
  99  7:13  Drone x5  
  99  7:14  Drone x3  
  108  7:21  Extractor, Overlord, Drone x2  
  108  7:22  Drone x2  
  111  7:24  Drone  
  112  7:32  Infestor, Drone  
  112  7:33  Drone  
  112  7:35  Overseer  
  116  7:38  Infestor, Drone  
  116  7:39  Drone  
  116  7:43  Overlord, Drone  
  122  7:44  Drone  
  122  7:53  Extractor, Roach, Drone x2  
  122  7:54  Neural Parasite, Drone  
  122  7:55  Drone x2  
  128  8:02  Glial Reconstitution  
  128  8:04  Overlord  
  130  8:05  Roach  
  130  8:06  Roach  
  130  8:07  Spore Crawler  
  130  8:10  Drone  
  130  8:11  Spore Crawler  
  130  8:12  Drone  
  132  8:15  Drone  
  132  8:18  Queen  
  135  8:23  Overlord, Zerg Melee Weapons Level 2  
  135  8:35  Spine Crawler  
  135  8:36  Drone  
  135  8:39  Zerg Missile Weapons Level 2  
  132  8:41  Zergling x6  
  132  8:42  Zergling x10, Overlord  
  132  8:43  Zergling x4  
  132  8:44  Ravager, Baneling Nest  
  132  8:45  Roach  
  128  8:50  Roach  
  128  8:53  Roach  
  128  8:55  Ravager  
  104  8:56  Hydralisk, Roach x2  
  104  8:57  Roach  
  104  9:00  Hydralisk, Overseer  
  114  9:04  Roach  
  114  9:08  Roach  
  118  9:12  Roach  
  118  9:13  Infestor  
  118  9:14  Roach  
  118  9:15  Hatchery  
  118  9:16  Hydralisk  
  125  9:19  Hydralisk  
  125  9:21  Zergling x2  
  127  9:27  Baneling  
  127  9:28  Baneling x4, Zergling x4  
  127  9:29  Baneling x2, Zergling x2  
  127  9:31  Baneling, Zergling x2  
  131  9:32  Baneling  
  131  9:33  Baneling, Zergling x2  
  131  9:35  Baneling  
  131  9:37  Baneling, Zergling x2  
  133  9:38  Baneling  
  133  9:40  Baneling, Zergling x2  
  133  9:43  Baneling x2, Zergling x2  
  133  9:44  Baneling  
  135  9:46  Baneling, Zergling x2, Overlord  
  135  9:52  Centrifugal Hooks, Spine Crawler  
  135  9:54  Spine Crawler  
  134  10:01  Infestor  
  136  10:10  Infestor  
  136  10:12  Roach  
  140  10:14  Roach  
  140  10:16  Overlord, Roach  
  140  10:17  Spine Crawler  
  140  10:19  Spore Crawler  
  142  10:21  Spine Crawler  
  142  10:27  Queen, Drone x2  
  142  10:28  Drone x4  
  148  10:29  Drone  
  150  10:37  Extractor  
  150  10:38  Drone  
  150  10:39  Spore Crawler  
  150  10:40  Spore Crawler, Drone  
  150  10:41  Drone  
  150  10:44  Extractor  
  150  10:46  Drone  
  150  10:55  Spore Crawler  
  150  10:56  Drone  
  150  10:59  Hatchery  
  150  11:01  Drone  
  138  11:04  Infestor, Roach  
  138  11:05  Infestor  
  138  11:06  Spine Crawler, Roach x2  
  138  11:08  Hydralisk  
  138  11:09  Hydralisk, Drone x2  
  138  11:10  Queen  
  145  11:13  Drone  
  145  11:17  Queen, Drone  
  145  11:18  Lurker Den  
  145  11:20  Drone x3  
  145  11:21  Drone  
  145  11:23  Drone  
  145  11:24  Drone  
  145  11:26  Baneling, Zergling x2  
  145  11:28  Overlord  
  145  11:29  Roach  
  108  11:42  Drone  
  108  11:44  Drone  
  108  11:46  Zergling x2  
  93  11:50  Drone  
Tags
 
Add a new tag
Caveats
  • Supply blocks, unpowered buildings, or Contaminate may cause inaccurate times.
  • Supply counts are checked every 10 seconds.